 Dungeon Crawl Stone Soup version 0.19-a0-14-gde87d98 (webtiles) character file.

1158 Charly the Cleaver (level 8, -3/71 HPs)
             Began as a Hill Orc Berserker on Apr 29, 2016.
             Was a Believer of Trog.
             Slain by a killer bee (6 damage)
             ... on level 8 of the Dungeon.
             The game lasted 00:19:23 (971 turns).

Charly the Cleaver (Hill Orc Berserker)              Turns: 971, Time: 00:19:24

Health: -3/71      AC:  9    Str: 20    XL:     8   Next: 39%
Magic:  8/8        EV:  8    Int:  7    God:    Trog [**....]
Gold:   28         SH:  0    Dex: 12    Spells: 0 memorised, 7 levels left

rFire  . . .     SeeInvis .     a - +0 hand axe
rCold  . . .     Gourm    .     g - +0 chain mail
rNeg   . . .     Faith    .     (no shield)
rPois  .         Spirit   .     (no helmet)
rElec  .         Dismiss  .     (no cloak)
rCorr  .         Reflect  .     n - +0 pair of gloves
SustAt .         Harm     .     (no boots)
MR     ++...                    (no amulet)
Stlth  ..........               (no ring)
                                (no ring)

@: lethally poisoned (-3 -> -4), exhausted, regenerating, slowed, very slow,
very resistant to hostile enchantments, extremely unstealthy
A: no striking features
a: Berserk, Trog's Hand, Burn Spellbooks, Renounce Religion


You were on level 8 of the Dungeon.
You worshipped Trog.
Trog was pleased with you.
You were not hungry.

You visited 1 branch of the dungeon, and saw 8 of its levels.

You collected 28 gold pieces.

Inventory:

Hand Weapons
 a - a +0 hand axe (weapon)
Armour
 g - a +0 chain mail (worn)
 n - a +0 pair of gloves (worn)
Wands
 f - a wand of confusion (0/48)
 o - a wand of acid (0/15)
Scrolls
 b - a scroll of recharging {unknown}
 i - a scroll of identify {unknown}
 j - a scroll of random uselessness {unknown}
 l - a scroll of magic mapping {unknown}
 m - a scroll of remove curse {unknown}
 p - a scroll of immolation {unknown}
Potions
 d - 2 potions of mutation {unknown}
 e - a potion of cancellation {unknown}
 k - 2 potions of agility {unknown}
 q - a potion of magic {unknown}
Comestibles
 c - a bread ration
 h - 3 meat rations


   Skills:
 + Level 6.3 Fighting
 * Level 11.7 Axes
 - Level 2.1 Armour
 - Level 1.5 Dodging


You had 7 spell levels left.
You didn't know any spells.

Dungeon Overview and Level Annotations

Branches:
Dungeon (8/15)
 Temple: D:4-7         Lair: D:8-11

Altars:


Message History

You feel a strong urge to attack something.
You feel the effects of Trog's Hand fading.
You feel sick.
You miss the killer bee.
You feel sick. The killer bee closely misses you.
You completely miss the killer bee. You miss the killer bee.
You are no longer berserk.
You are exhausted.
You feel yourself slow down.
You feel sick. The killer bee closely misses you. x2
Unknown command.
Evoke which item? (* to show all) (? for menu, Esc to quit)
Zapping:
f - a wand of confusion {zapped: 16} (will waste charges)
Press: ? - help, Shift-Dir - straight line, f - killer bee
Aim: a killer bee (chance to defeat MR: 54%)
The killer bee resists with significant effort.
Evoking this partially-identified wand wasted a few charges.
You feel sick. The killer bee barely misses you. The killer bee stings you.
* * * LOW HITPOINT WARNING * * *
The killer bee stings you.
You die...

####.# #.# #.#
#.# # #.### ..
#...# #.. ###.#
#... ####.####
#.... #yy@....#
#.....##.##....#
.........#######
#.......y...(.y
####+#.).###..#
..... y ####.#.
#.... ### ..


You could see 2 killer bees.

Vanquished Creatures
  Grinder (D:6)
  A wyvern (D:8)
  Menkaure (D:4)
  An ogre (D:7)
  A giant frog (D:6)
  A scorpion (D:8)
  A killer bee (D:8)
  5 howler monkeys
  A centaur zombie (D:5)
  2 crimson imps
  2 hounds
  A worker ant (D:8)
  2 gnolls (D:6)
  3 adders
  A shadow imp (D:6)
  A giant gecko (D:4)
  4 orcs (D:3)
  4 goblins
  A hobgoblin (D:1)
  3 jackals (D:6)
  2 kobolds
  4 quokkas
  A rat (D:1)
44 creatures vanquished.

Notes
Turn   | Place    | Note
--------------------------------------------------------------
     0 | D:1      | Charly the Hill Orc Berserker began the quest for the Orb.
     0 | D:1      | Reached XP level 1. HP: 19/19 MP: 1/1
   131 | D:2      | Reached XP level 2. HP: 16/26 MP: 2/2
   266 | D:3      | Reached skill level 5 in Axes
   344 | D:3      | Reached XP level 3. HP: 23/31 MP: 3/3
   415 | D:4      | Reached skill level 6 in Axes
   415 | D:4      | Reached XP level 4. HP: 33/39 MP: 4/4
   423 | D:4      | Noticed Menkaure
   468 | D:4      | Killed Menkaure
   468 | D:4      | Reached skill level 8 in Axes
   468 | D:4      | Reached XP level 5. HP: 23/45 MP: 5/5
   581 | D:5      | Entered Level 5 of the Dungeon
   608 | D:6      | Noticed Grinder
   621 | D:5      | Reached XP level 6. HP: 36/51 MP: 6/6
   659 | D:5      | Reached ** piety under Trog
   700 | D:6      | Paralysed by Grinder for 6 turns
   715 | D:6      | Reached skill level 9 in Axes
   722 | D:6      | Killed Grinder
   722 | D:6      | Reached XP level 7. HP: 59/60 MP: 7/7
   781 | D:6      | Reached skill level 10 in Axes
   833 | D:6      | Reached skill level 5 in Fighting
   896 | D:7      | Reached skill level 11 in Axes
   896 | D:7      | Reached XP level 8. HP: 69/69 MP: 8/8
   919 | D:8      | Noticed a wyvern
   943 | D:8      | Killed a wyvern
   971 | D:8      | HP: 3/71 [killer bee (4)]
   971 | D:8      | Slain by a killer bee

Vault maps used:
D:1:      tarquinn_simple_flora_water_a
D:2:      grunt_temple_overflow_magic_moments,
          nemelex_xobeh_ov_fountains_minmay, lemuel_crystal_altar, first_bread
D:3:      moated_statue
D:4:      temple_hall, serial_shops, shop_statue, uniq_menkaure
D:5:      lemuel_coloured_pillars_altar
D:6:      feat_on_display, uniq_pikel, uniq_grinder
D:8:      kennysheep_seaside_town, fedhas_altar_decomposition,
          erik_lair_orcish_takeover

Skill      XL: |  1  2  3  4  5  6  7  8 |
---------------+-------------------------+-----
Axes           | 5 6 8 9 11 | 11.7
Fighting       | 4 5 6 |  6.3
Armour         | |  2.1
Dodging        | |  1.5

Action                   |  1- 3 |  4- 6 |  7- 9 || total
-------------------------+-------+-------+-------++-------
Melee: Hand axe          |    69 |    66 |    81 ||   216
Invok: Berserk           |     4 |     5 |     4 ||    13
       Trog's Hand       |       |     1 |     3 ||     4
Evoke: Wand              |       |       |    10 ||    10
  Eat: Fruit             |     4 |       |     5 ||     9
       Chunk             |       |     4 |       ||     4
       Royal jelly       |       |       |     1 ||     1
Armor: Animal skin       |     4 |       |       ||     4
       Chain mail        |    27 |    24 |    54 ||   105
Dodge: Dodged            |    37 |    17 |    59 ||   113
